 Dungeon Crawl Stone Soup version 0.28.0-47-ge53b351184 (webtiles) character file.

Game seed: 16189105228316132644

37 Gabide the Ducker (level 3, -4/29 HPs)
             Began as a Human Monk on May 9, 2022.
             Slain by a gnoll
             ... wielding a +0 spear
              (6 damage)
             ... on level 2 of the Dungeon.
             The game lasted 00:02:07 (1127 turns).

Gabide the Ducker (Human Monk)                      Turns: 1127, Time: 00:02:07

Health: -4/29      AC:  6    Str: 13    XL:     3   Next: 62%
Magic:  3/3        EV: 11    Int: 10    God:
Gold:   122        SH:  0    Dex: 15    Spells: 2/2 levels left

rFire   . . .      SeeInvis .   a - +0 mace
rCold   . . .      Faith    .   (no shield)
rNeg    . . .      Spirit   .   h - +0 ring mail
rPois   .          Reflect  .   f - +0 helmet
rElec   .          Harm     .   (no cloak)
rCorr   .          Rampage  .   (no gloves)
Will    .....                   (no boots)
Stlth   +.........              (no amulet)
HPRegen 0.09/turn               (no ring)
MPRegen 0.08/turn               (no ring)

@: lethally poisoned (-4 -> -5), hasted, very quick
A: no striking features
a: no special abilities


You were on level 2 of the Dungeon.
You visited 1 branch of the dungeon, and saw 2 of its levels.

You collected 122 gold pieces.

Inventory:

Hand Weapons
 a - a +0 mace (weapon)
Armour
 f - a +0 helmet (worn)
 h - a +0 ring mail (worn)
Scrolls
 e - a scroll of silence {unknown}
 g - 2 scrolls of noise {unknown}
Potions
 d - a potion of curing {unknown}


   Skills:
 + Level 3.4 Fighting
 + Level 3.4 Maces & Flails
 * Level 1.0 Armour
 + Level 3.4 Dodging
 - Level 2.0 Stealth


You had 2 spell levels left.
You didn't know any spells.
Your spell library was empty.

Dungeon Overview and Level Annotations

Branches:
Dungeon (2/15)

Altars:


Message History

The bat closely misses you. The gnoll barely misses you.
The gnoll hits you with a +0 club.
You closely miss the bat. Your punch misses the bat.
The bat hits you but does no damage. The gnoll closely misses you.
The gnoll hits you with a +0 club.
You hit the gnoll.
You kill the gnoll!
The bat closely misses you. x2; The gnoll hits you but does no damage.
The adder barely misses you.
Your Armour skill increases to level 1!
You closely miss the bat. The bat hits you but does no damage.
The adder bites you.
* * * LOW HITPOINT WARNING * * *
The gnoll barely misses you. The bat hits you but does no damage.
The adder closely misses you.
You hit the bat.
The bat is moderately wounded.
The bat hits you but does no damage. x2; The gnoll closely misses you.
The bat hits you but does no damage. The adder bites you but does no damage.
The gnoll hits you but does no damage.
You barely miss the bat.
The bat is moderately wounded.
The bat barely misses you. x2; The adder barely misses you.
The adder bites you.
* * * LOW HITPOINT WARNING * * *
You are poisoned.
The adder poisons you! The gnoll hits you but does no damage.
* * * LOW HITPOINT WARNING * * *
You feel sick. The bat barely misses you.
You see here a pink potion.
* * * LOW HITPOINT WARNING * * *
You feel sick. The bat hits you but does no damage.
The adder bites you but does no damage.
Things that are here:
a +0 club; 3 stones It was a potion of haste.
You feel yourself speed up.
* * * LOW HITPOINT WARNING * * *
You feel sick. The bat barely misses you. x2
The adder bites you but does no damage.
The gnoll hits you from afar with a +0 spear.
You die...

##.######### #.#
#.# #.# #.# #.#
#.# # #.#
..###.###@#
.....wggSb#
......####......
..### .##### .#
.# .# .#


You could see a worm, a gnoll, an adder, a hobgoblin and a bat.

Vanquished Creatures
  2 gnolls (D:2)
  A ball python (D:1)
  2 endoplasms
  3 giant cockroaches
  A goblin (D:1)
  A hobgoblin (D:1)
  2 bats (D:1)
  A frilled lizard (D:1)
  4 kobolds
  3 rats
20 creatures vanquished.

Notes
Turn   | Place    | Note
-------+----------+-------------------------------------------
     0 | D:1      | Gabide the Human Monk began the quest for the Orb.
     0 | D:1      | Reached XP level 1. HP: 18/18 MP: 1/1
   324 | D:1      | Reached XP level 2. HP: 23/24 MP: 2/2
  1119 | D:2      | Reached XP level 3. HP: 19/29 MP: 3/3
  1122 | D:2      | Reached skill level 1 in Armour
  1127 | D:2      | Slain by a gnoll

Illustrated notes

Levels and vault maps discovered:
D:1:      nzn_arrival_depleted_hourglass, layout_loops_ring, minmay_heptomino_d4
D:2:      layout_loops_ring, serial_shops, nicolae_lakefront_shop, uniq_terence,
          uniq_natasha

Skill      XL: |  1  2  3 |
---------------+----------+-----
Armour         | 1 |  1.0
Fighting       | |  3.4
Maces & Flails | |  3.4
Dodging        | |  3.4
Stealth        | |  2.0

Action                   || total
-------------------------++-------
Melee: Mace              ||    76
  Use: Potion            ||     1
 Stab: Sleeping          ||     3
Armor: Robe              ||    22
       Ring mail         ||    22
Dodge: Dodged            ||    71
